 Dungeon Crawl Stone Soup version 0.29-a0-72-g1732ff48e7 (webtiles) character file.

Game seed: 6619814651946566778

637 bande the Covered (level 7, -2/44 HPs)
             Began as a Gargoyle Fighter on Feb 4, 2022.
             Slain by a gnoll (7 damage)
             ... on level 5 of the Dungeon.
             The game lasted 00:07:36 (4963 turns).

bande the Covered (Gargoyle Fighter)                Turns: 4963, Time: 00:07:36

Health: -2/44      AC: 15    Str: 26    XL:     7   Next: 50%
Magic:  7/7        EV:  8    Int:  8    God:
Gold:   203        SH:  5    Dex: 11    Spells: 6/6 levels left

rFire   . . .      SeeInvis +   a - +0 war axe
rCold   . . .      Faith    .   c - +0 buckler
rNeg    + . .      Spirit   .   j - +0 chain mail
rPois   ∞          Reflect  .   f - +0 helmet
rElec   +          Harm     .   (no cloak)
rCorr   .          Rampage  .   (no gloves)
Will    .....                   (no boots)
Stlth   ..........              t - amulet of regeneration
HPRegen 0.94/turn               h - +6 ring of strength
MPRegen 0.10/turn               q - ring of see invisible

@: lit by a corona, glowing
A: sickness immunity, AC +4, negative energy resistance 1, electricity
resistance, torment resistance 1, petrification resistance
a: no special abilities


You were on level 5 of the Dungeon.
You visited 1 branch of the dungeon, and saw 5 of its levels.
You also visited: Sewer.

You collected 203 gold pieces.

Inventory:

Hand Weapons
 a - a +0 war axe (weapon)
 o - a +1 morningstar of protection
Missiles
 g - a throwing net (quivered)
Armour
 c - a +0 buckler (worn)
 f - a +0 helmet (worn)
 j - a +0 chain mail (worn)
Jewellery
 h - a +6 ring of strength (left hand)
 q - a ring of see invisible (right hand)
 t - an amulet of regeneration (around neck)
Wands
 b - a wand of paralysis (1)
 r - a wand of flame (2)
Potions
 d - a potion of might
 e - a potion of haste
 k - 3 potions of flight
 l - 4 potions of curing
 m - a potion of heal wounds
 n - a potion of attraction {unknown}
 p - a potion of magic {unknown}
 s - a potion of mutation {unknown}


   Skills:
 + Level 4.7 Fighting
 + Level 5.1 Axes
 + Level 5.2 Armour
 + Level 4.8 Shields


You had 6 spell levels left.
You didn't know any spells.
Your spell library contained the following spells:

 Spells                   Type           Power      Damage    Failure   Level
 Summon Small Mammal      Summ           0%         N/A       97%         1
 Call Canine Familiar     Summ           0%         N/A       100%        3
 Summon Guardian Golem    Hex/Summ       0%         N/A       100%        3


Dungeon Overview and Level Annotations

Branches:
Dungeon (5/15)              Sewer (visited)
 Temple: D:4-7

Altars:

Shops:
D:2 =


Innate Abilities, Weirdness & Mutations

You are immune to sickness and miasma.
Your stone body is resilient. (AC +4)
You are immune to poison.
You resist negative energy. (rN+)
You are resistant to electric shocks. (rElec)
You are resistant to unholy torment.
You are immune to petrification.


Message History

You block the gnoll's attack. The gnoll hits you but does no damage.
The gnoll shaman hits you with a +0 club.
The gnoll barely misses you. The gnoll hits you but does no damage.
You barely miss the gnoll.
You hit the gnoll shaman but do no damage.
You slash the gnoll! The gnoll hits you with a +0 whip.
The gnoll hits you but does no damage.
The gnoll shaman hits you with a +0 club.
The gnoll hits you but does no damage.
The gnoll hits you from afar with a +0 spear.
The gnoll hits you but does no damage. You block the gnoll's attack.
You barely miss the gnoll. You closely miss the gnoll shaman.
You hit the gnoll.
You kill the gnoll!
You hear the slow hiss of an avalanche of sand nearby.
A nearby plant withers and dies.
The gnoll shaman closely misses you. The gnoll barely misses you.
The gnoll hits you but does no damage. You block the gnoll's attack.
The gnoll shaman calls down the wrath of its god upon you.
You are outlined in light.
You hit the gnoll but do no damage. You slash the gnoll shaman!
The gnoll hits you from afar with a +0 halberd.
You block the gnoll's attack.
A gnoll comes into view. It is wielding a +0 club.
The gnoll hits you with a +0 spear.
The gnoll shaman hits you but does no damage.
The gnoll hits you from afar with a +0 halberd.
The gnoll shouts!
The gnoll hits you with a +0 spear.
The gnoll hits you but does no damage. x2
You hit the gnoll.
The gnoll is moderately wounded.
You closely miss the gnoll. You slash the gnoll! You hit the gnoll shaman.
The gnoll shaman hits you but does no damage.
The gnoll hits you with a +0 spear. The gnoll hits you with a +0 halberd!
* * * LOW HITPOINT WARNING * * *
You block the gnoll's attack.
The gnoll shaman hits you with a +0 club.
* * * LOW HITPOINT WARNING * * *
The gnoll hits you with a +0 spear!
You die...

....####....#
#...........#
#...........#
#...........
#........# .
#........# ...
#........#....
##.....)...#
.........g@gg.#
.........ggg..#
#.......P≈........
#.....≈P≈≈≈≈......
#....P≈≈♣P≈P...(..
.....P♣♣♣♣≈≈≈.##..
....P≈ ♣≈PPP. . .≈
♣≈≈≈≈..


You could see a gnoll shaman and 5 gnolls.

Vanquished Creatures
  Eustachio (D:4)
  2 kobold brigands
  An orc priest (D:4)
  A jelly (D:4)
  2 iguanas
  Ijyb (D:3)
  Natasha (thrice) (D:4)
  A gnoll (D:5)
  3 river rats (Sewer)
  3 adders
  2 worms (D:2)
  3 dart slugs
  6 orcs
  7 ball pythons
  A bat (D:4)
  6 endoplasms
  7 giant cockroaches
  6 goblins
  A hobgoblin (D:3)
  2 jackals (D:1)
  5 kobolds
  2 quokkas
  4 frilled lizards
  7 rats
77 creatures vanquished.

Vanquished Creatures (others)
  3 plants (D:5)
3 creatures vanquished.

Grand Total: 80 creatures vanquished

Notes
Turn   | Place    | Note
-------+----------+-------------------------------------------
     0 | D:1      | bande the Gargoyle Fighter began the quest for the Orb.
     0 | D:1      | Reached XP level 1. HP: 14/14 MP: 1/1
   325 | D:1      | Found a faded altar of an unknown god.
   327 | D:1      | Noticed a shining eye
   328 | D:1      | Noticed a floating eye
   328 | D:1      | Noticed a golden eye
   328 | D:1      | Noticed a shining eye
   414 | D:1      | Reached XP level 2. HP: 19/19 MP: 2/2
  1025 | D:2      | Reached XP level 3. HP: 22/23 MP: 3/3
  1414 | D:2      | Found Tegg's Jewellery Shoppe.
  1726 | D:3      | Found a glowing drain.
  1749 | Sewer    | Entered a sewer
  1756 | Sewer    | Reached XP level 4. HP: 27/28 MP: 4/4
  1824 | Sewer    | Noticed a kobold brigand
  1848 | Sewer    | Killed a kobold brigand
  1849 | Sewer    | Reached XP level 5. HP: 6/33 MP: 5/5
  2108 | Sewer    | Found a glowing silver altar of Zin.
  2160 | D:3      | Noticed Ijyb
  2165 | D:3      | Paralysed by Ijyb for 3 turns
  2174 | D:3      | Paralysed by Ijyb for 7 turns
  2181 | D:3      | Killed Ijyb
  2781 | D:4      | Reached XP level 6. HP: 24/38 MP: 6/6
  3309 | D:4      | Noticed Eustachio
  3912 | D:4      | Killed Eustachio
  3913 | D:4      | Reached skill level 5 in Armour
  3913 | D:4      | Reached XP level 7. HP: 34/44 MP: 7/7
  4417 | D:4      | Noticed Natasha
  4425 | D:4      | Killed Natasha
  4461 | D:4      | Noticed Natasha
  4467 | D:4      | Killed Natasha
  4820 | D:4      | Noticed Natasha
  4828 | D:4      | Killed Natasha
  4864 | D:5      | Entered Level 5 of the Dungeon
  4928 | D:5      | Reached skill level 5 in Axes
  4963 | D:5      | Slain by a gnoll

Illustrated notes

Levels and vault maps discovered:
D:1:      minmay_arrival_hallway, layout_basic,
          hellmonk_ecumenical_altar_watching_god,
          hangedman_decor_clover_reticule
D:2:      layout_rooms, serial_shops, nicolae_shop_behind_doors
D:3:      layout_rooms, portal_sewer_entry_f, dk_vineyard_2, uniq_ijyb
D:4:      layout_loops_ring, uniq_natasha, uniq_eustachio
D:5:      layout_basic, marbit_many_paths, serial_shops, shop, enter_ossuary_5,
          serial_bayou, serial_bayou_crossing, serial_bayou_pond_d,
          serial_bayou_lagoon_a, serial_bayou_pond_a, serial_bayou_pond_c,
          serial_bayou_lagoon_b, minmay_misc_feat_room, minmay_statues_item

Skill      XL: |  1  2  3  4  5  6  7 |
---------------+----------------------+-----
Axes           | 2 3 4 5 |  5.1
Shields        | 4 |  4.8
Armour         | 4 5 |  5.2
Fighting       | 4 |  4.7

Action                   |  1- 3 |  4- 6 |  7- 9 || total
-------------------------+-------+-------+-------++-------
Melee: War axe           |    77 |   154 |    39 ||   270
  Use: Scroll            |     2 |     2 |     2 ||     6
Armor: Scale mail        |    23 |       |       ||    23
       Chain mail        |    13 |   117 |    33 ||   163
Dodge: Dodged            |    40 |   109 |    20 ||   169
Block: Buckler           |    17 |    67 |    13 ||    97

Table legend: (Time is in decaauts)
 A = Elapsed time spent in this place.
 B = Non-inter-level travel time spent in this place.
 C = Inter-level travel time spent in this place.
 D = Time resting spent in this place.
 E = Time spent auto-exploring this place.
 F = Levels seen in this place.
 G = Mean time per level.
                   A        B        C        D        E       F      G
               +--------+--------+--------+--------+--------+-----+--------+
         Total |   5106 |   5106 |      0 |   1817 |   2380 |   6 |  851.0 |
       Dungeon |   4661 |   4661 |      0 |   1578 |   2263 |   5 |  932.2 |
         Sewer |    444 |    444 |      0 |    239 |    117 |   1 |  444.0 |
               +--------+--------+--------+--------+--------+-----+--------+

Top non-repeatable levels by time:
     D:4: 1730 daAuts
     D:3: 1098 daAuts
     D:1: 997 daAuts
     D:2: 732 daAuts
   Sewer: 444 daAuts
     D:5: 103 daAuts
